 Dungeon Crawl Stone Soup version 0.31.0-12-g77e489cdc1 (webtiles) character file.

Game seed: 590647840281276718

194733 ripuliukko the Eclecticist (level 18, 0/98 HPs)
             Began as a Gargoyle Earth Elementalist on Feb 12, 2024.
             Was the Champion of Vehumet.
             Slain by a +1 halberd of distortion (11 damage)
             ... on level 2 of the Elven Halls.
             The game lasted 00:59:17 (32510 turns).

ripuliukko the Eclecticist (GrEE)                  Turns: 32510, Time: 00:59:17

Health: 0/98       AC: 25    Str: 11    XL:     18   Next: 31%
Magic:  33/39      EV: 10    Int: 31    God:    Vehumet [******]
Gold:   3280       SH:  9    Dex: 10    Spells: 7/52 levels left

rFire   + . .        l - staff of earth
rCold   + . .        w - +0 kite shield "Weggemop" {rC+ rCorr}
rNeg    + . .        q - +2 troll leather armour
rPois   ∞            L - +2 helmet
rElec   +            H - +1 cloak
rCorr   +            (no gloves)
SInv    .            f - +1 pair of boots
Will    ++...        O - amulet of magic regeneration
Stlth   ++           Q - ring of protection from fire
HPRegen 1.16/turn    T - +6 ring of intelligence
MPRegen 0.66/turn

%: no passive effects
@: flying, very slightly contaminated
A: sickness immunity, AC +13, big wings, negative energy resistance 1,
electricity resistance, torment resistance 1, petrification resistance, deformed
body, strong-willed 1
}: 1/15 runes: serpentine
a: Renounce Religion


You were on level 2 of the Elven Halls.
You worshipped Vehumet.
Vehumet was exalted by your worship.
You visited 6 branches of the dungeon, and saw 28 of its levels.
You also visited: Sewer.

You collected 4042 gold pieces.
You spent 762 gold pieces at shops.

Inventory:

Hand Weapons
 j - the +7 mace of Gozag's Wrath {elec, Will++ rCorr Str-4 Int+3}
   (You found it on level 2 of the Dungeon)

   Str-4:     It affects your strength (-4).
   Int+3:     It affects your intelligence (+3).
   Will++:    It greatly increases your willpower.
   rCorr:     It protects you from acid and corrosion.
Missiles
 y - 10 curare-tipped darts
Armour
 f - a +1 pair of boots (worn)
 q - a +2 troll leather armour (worn)
 w - the +0 kite shield "Weggemop" (worn) {rC+ rCorr}
   (You took it off Asterion on level 1 of the Elven Halls)

   rC+:       It protects you from cold.
   rCorr:     It protects you from acid and corrosion.
 H - a +1 cloak (worn)
 L - a +2 helmet (worn)
 W - a +1 buckler of protection
Magical Staves
 l - a staff of earth (weapon)
 x - a staff of alchemy
 A - a staff of cold
 R - a staff of air
 U - a staff of fire
Jewellery
 i - a ring of fire
 J - a ring of resist corrosion
 O - an amulet of magic regeneration (around neck)
 Q - a ring of protection from fire (left hand)
 T - a +6 ring of intelligence (right hand)
 V - a ring of protection from fire
 Y - a ring of willpower
 Z - a ring of see invisible
Wands
 u - a wand of roots (5)
 v - a wand of flame (31)
 D - a wand of light (13)
 G - a wand of mindburst (20)
 K - a wand of polymorph (14)
 M - a wand of paralysis (16)
Scrolls
 e - 13 scrolls of identify
 g - 4 scrolls of fear
 h - 5 scrolls of blinking
 p - 5 scrolls of teleportation
 r - 6 scrolls of immolation
 t - 3 scrolls of fog
 C - 4 scrolls of amnesia
 I - a scroll of poison
 N - 3 scrolls of revelation
Potions
 a - 9 potions of curing
 b - a potion of magic
 d - 2 potions of heal wounds
 k - a potion of lignification
 m - 4 potions of brilliance
 o - 5 potions of might
 s - 2 potions of cancellation
 z - 5 potions of enlightenment
 B - 2 potions of invisibility
 E - 5 potions of resistance
 F - 4 potions of haste
 P - 5 potions of ambrosia
 S - a potion of mutation
Miscellaneous
 n - a condenser vane
 X - a phial of floods


   Skills:
 * Level 5.6 Fighting
 + Level 1.2(1.9) Maces & Flails
 + Level 2.1(2.3) Staves
 + Level 4.9 Armour
 + Level 3.3 Dodging
 + Level 3.1 Stealth
 * Level 7.2 Shields
 * Level 17.9 Spellcasting
 * Level 15.0 Conjurations
 + Level 5.3 Necromancy
 + Level 5.4 Fire Magic
 + Level 4.5 Ice Magic
 + Level 3.0 Air Magic
 * Level 15.8 Earth Magic
 + Level 4.3 Alchemy
 * Level 10.0 Evocations


You had 7 spell levels left.
You knew the following spells:

 Your Spells              Type           Power      Damage    Failure   Level
a - Sandblast             Erth           100%       2d20      0%          1
c - Mephitic Cloud        Conj/Alch/Air  65%        N/A       1%          3
d - Freezing Cloud        Conj/Ice/Air   32%        6-21      2%          5
e - Fireball              Conj/Fire      37%        3d15      1%          5
f - Sticky Flame          Fire/Alch      55%        2d10      2%          4
i - Ignite Poison         Fire/Alch      55%        N/A       2%          4
q - Stone Arrow           Conj/Erth      100%       3d13      1%          3
r - Bombard               Conj/Erth      55%        9d9       1%          6
t - Olgreb's Toxic Radia  Alch           53%        N/A       3%          4
u - Irradiate             Conj/Alch      36%        3d23      1%          5
w - Borgnjor's Vile Clut  Necr/Erth      48%        N/A       2%          5

Your spell library contained the following spells:

 Spells                   Type           Power      Damage    Failure   Level
 Eringya's Noxious Bog    Alch           26%        4d6       36%         6
 Sting                    Conj/Alch      100%       1d9       1%          1
 Mercury Vapours          Alch/Air       100%       N/A       1%          2
 Momentum Strike          Conj/Tloc      100%       3d10      1%          2
 Frozen Ramparts          Ice            100%       1d16      1%          3
 Fugue of the Fallen      Necr           57%        N/A       1%          3
 Hailstorm                Conj/Ice       73%        3d13      1%          3
 Inner Flame              Hex/Fire       44%        N/A       1%          3
 Passwall                 Erth           100%       N/A       1%          3
 Volatile Blastmotes      Fire/Tloc      88%        2d17      1%          3
 Brom's Barrelling Bould  Conj/Erth      100%       2d11      1%          4
 Flame Wave               Conj/Fire      74%        2d16      1%          4
 Fulminant Prism          Conj/Alch      36%        3d17      1%          4
 Iskenderun's Mystic Bla  Conj/Tloc      65%        2d13      1%          4
 Petrify                  Alch/Erth      94%        N/A       1%          4
 Lee's Rapid Deconstruct  Erth           56%        3d26*     1%          5
 Ensorcelled Hibernation  Hex/Ice        82%        N/A       3%          2
 Summon Ice Beast         Ice/Summ       41%        N/A       7%          3
 Animate Dead             Necr           57%        N/A       7%          4
 Blink                    Tloc           54%        N/A       10%         2
 Lesser Beckoning         Tloc           54%        N/A       10%         2
 Anguish                  Hex/Necr       22%        N/A       21%         4
 Death Channel            Necr           28%        N/A       71%         6
 Sculpt Simulacrum        Ice/Alch       26%        N/A       83%         6
 Shatter                  Erth           56%        3d42*     90%         9
 Ignition                 Fire           28%        3d9       100%        8
 Polar Vortex             Ice            27%        12d3*     100%        9


Dungeon Overview and Level Annotations

Branches:
Dungeon (14/15)            Temple (1/1) D:4            Lair (5/5) D:11
  Swamp (0/4) Lair:2        Snake (4/4) Lair:3        Slime (0/5) Lair:5
    Orc (2/2) D:11            Elf (2/3) Orc:2        Vaults (0/5) D:13
  Sewer (visited)

Altars:
Ashenzari
Cheibriados
Dithmenos
Elyvilon
Fedhas
Gozag
Hepliaklqana
Kikubaaqudgha
Makhleb
Nemelex Xobeh
Okawaru
Qazlal
Ru
Sif Muna
Trog
Uskayaw
Vehumet
Wu Jian
Xom
Yredelemnul
Zin
The Shining One
Lugonu

Shops:
Orc:2 =[?=   Snake:2 =   Snake:3 ?   Snake:4 *!=?

Portals:
Abyss: Lair:5

Annotations:
D:4 1 runed translucent door, dertzug's ghost, amateur AtFi
D:7 2 transporters, Marvel's ghost, novice HOFi
Elf:1 1 runed translucent door


Innate Abilities, Weirdness & Mutations

You are immune to sickness and miasma.
Your stone body is resilient. (AC +13)
You are immune to poison.
Your large and strong wings let you fly.
You resist negative energy. (rN+)
You are resistant to electric shocks. (rElec)
You are resistant to unholy torment.
You are immune to petrification.
Armour fits poorly on your strangely shaped body.
You are strong-willed. (Will+)


Message History

As you read the scroll of fear, it crumbles to dust.
You assume a fearsome visage.
The deep elf knight resists with almost no effort.
The +1 heavy hand axe is unaffected.
The +1 halberd of distortion is unaffected.
The deep elf blademaster resists with almost no effort.
The +4 halberd of venom is unaffected.
The deep elf pyromancer looks frightened!
The +1 heavy hand axe closely misses you.
The deep elf blademaster hits you but does no damage.
You block the deep elf blademaster's attack.
The deep elf pyromancer casts a spell.
The deep elf pyromancer blinks!
Casting: Borgnjor's Vile Clutch (dangerous; 2% risk of failure)
Confirm with . or Enter, or press ? or * to list all spells.
You erupt in a fountain of uncontrolled magic!
The deep elf pyromancer is blasted with magical radiation!!!
You kill the deep elf pyromancer!
Vehumet accepts your kill.
The +1 heavy hand axe is blasted with magical radiation!
The +1 heavy hand axe is severely damaged.
The deep elf blademaster is blasted with magical radiation!!!
The deep elf blademaster is severely wounded.
The deep elf knight is blasted with magical radiation!!!
You kill the deep elf knight!
Vehumet accepts your kill.
You feel your power returning.
You are very lightly contaminated with residual magic.
The +1 halberd of distortion hits you from afar.
Space warps around you.
The +4 halberd of venom barely misses you.
You block the deep elf blademaster's attack.
The deep elf blademaster hits you with a +0 short sword!
* * * LOW HITPOINT WARNING * * *
The +1 heavy hand axe hits you.
* * * LOW HITPOINT WARNING * * *
The +1 halberd of distortion hits you from afar.
* * * LOW HITPOINT WARNING * * *
Space warps horribly around you!
You die...

#.............
#............
#..........
#######)'........
##.......§........
##..⌠.....##.......
##......(..#
.......
##.....)e...#
#...(..
##......@((..#
#e....
#........).⌠.#
#....
#............# e..
#⌠..........##
#...)).....##
#.........##
#####))......##
####....))..⌠..##
##....)..)#######


You could see a deep elf blademaster and 3 dancing weapons.

Vanquished Creatures
  Saint Roka (Snake:3)
  Vashnia (Snake:4)
  Norris (Elf:2)
  Asterion (Elf:1)
  A deep elf master archer (Elf:1)
  Aizul (Snake:4)
  Roxanne (Snake:4)
  9 nagarajas
  4 deep elf sorcerers
  A deep elf elementalist (Elf:1)
  An orc warlord (Orc:1)
  2 deep elf demonologists (Elf:1)
  A deep elf death mage (Elf:1)
  2 deep elf annihilators (Elf:1)
  The ghost of Siddir the Blocker, a journeyman MiBe of Trog (Snake:1)
  A vault guard (D:13)
  2 salamander tyrants (Snake:4)
  Erolcha (Orc:2)
  5 hydras
  3 centaur warriors
  5 anacondas
  17 dancing weapons
  3 boulder beetles
  5 two-headed ogres
  6 naga warriors
  3 death yaks (Lair:3)
  3 tengu warriors
  4 thrashing horrors (Lair:5)
  An orc high priest (Orc:1)
  Sonja (Orc:2)
  10 naga sharpshooters
  A shock serpent (Snake:2)
  Nergalle (Orc:2)
  11 deep elf knights
  2 salamander mystics (Snake:4)
  3 skysharks
  8 mana vipers
  8 deep elf archers
  3 naga ritualists
  16 deep elf pyromancers
  3 orc knights (Orc:1)
  17 deep elf zephyrmancers
  A harpy (shapeshifter) (Elf:1)
  12 orc sorcerers
  18 ugly things
  A cyclops (D:13)
  3 manticores
  31 black mambas
  4 elephants (Lair:5)
  5 salamanders
  A meliai (shapeshifter) (D:14)
  A guardian serpent (Snake:4)
  A kobold blastminer (Orc:1)
  11 naga magi
  6 cane toads
  2 smoke demons (Lair:5)
  2 torpor snails
  A large abomination (Lair:5)
  5 kobold demonologists
  4 unseen horrors
  An efreet (D:14)
  9 komodo dragons
  5 rime drakes
  A tengu conjurer (D:13)
  2 yaktaurs (D:14)
  A komodo dragon (shapeshifter) (Lair:5)
  A queen bee (Lair:2)
  4 polar bears (Lair:2)
  9 trolls
  2 raiju (Lair:5)
  11 blink frogs
  A hornet (D:9)
  3 dream sheep (Lair:5)
  10 small abominations (Lair:5)
  A centaur simulacrum (D:14)
  10 slime creatures
  A spriggan (Lair:5)
  3 ynoxinuls (Lair:5)
  4 air elementals
  3 shadows
  75 yaks
  A wraith (D:11)
  3 steam dragons
  2 water elementals
  9 wyverns
  6 basilisks
  3 vampires
  4 fire elementals
  A hog (shapeshifter) (D:12)
  9 humans (D:13)
  3 wargs
  9 vampire mosquitoes
  A chaos spawn (Lair:5)
  32 nagas
  3 acid dragons
  13 water moccasins
  2 sky beasts
  7 ice beasts
  33 orc warriors
  4 boggarts (Lair:2)
  2 wolves (D:11)
  10 ogres
  4 centaurs
  11 bullfrogs
  3 kobold brigands
  2 earth elementals (Elf:1)
  3 gnoll sergeants
  2 scorpions
  21 killer bees
  7 howler monkeys
  An electric eel (Lair:2)
  A crimson imp (D:5)
  2 hounds
  24 orc priests
  2 bombardier beetles (D:6)
  3 jellies
  3 iguanas
  33 orc wizards
  15 gnolls
  11 adders
  A white imp (D:5)
  2 ufetubi (D:6)
  15 dart slugs
  70 orcs
  5 endoplasms
  10 giant cockroaches
  9 goblins
  5 hobgoblins
  8 jackals
  A quokka (D:3)
  8 ball pythons
  7 bats
  17 frilled lizards
  19 kobolds
  5 rats
924 creatures vanquished.

Vanquished Creatures (collateral kills)
  A boulder (D:11)
1 creature vanquished.

Vanquished Creatures (others)
  A vault guard (D:13)
  A human (D:13)
  8 boulders
10 creatures vanquished.

Grand Total: 935 creatures vanquished

Notes
Turn   | Place    | Note
-------+----------+-------------------------------------------
     0 | D:1      | ripuliukko the Gargoyle Earth Elementalist began the quest
                  | for the Orb.
     0 | D:1      | Reached XP level 1. HP: 10/10 MP: 3/3
   150 | D:1      | Reached XP level 2. HP: 15/15 MP: 1/5
   514 | D:1      | Reached XP level 3. HP: 19/19 MP: 4/6
   754 | D:1      | Found a faded altar of an unknown god.
  1105 | D:2      | Reached XP level 4. HP: 14/24 MP: 5/8
  1121 | D:2      | Reached skill level 3 in Spellcasting
  1121 | D:2      | Reached skill level 5 in Earth Magic
  1187 | D:2      | Learned a level 3 spell: Stone Arrow
  1194 | D:2      | Found a glowing silver altar of Zin.
  1586 | D:2      | Identified the +7 mace of Gozag's Wrath {elec, Will++ rCorr
                  | Str-4 Int+3}
  2291 | D:3      | Reached XP level 5. HP: 28/28 MP: 7/10
  2596 | D:3      | Reached skill level 4 in Spellcasting
  2695 | D:3      | Reached XP level 6. HP: 33/33 MP: 10/12
  2952 | D:4      | Noticed dertzug's ghost (amateur AtFi)
  2952 | D:4      | Found a runed translucent door.
  3140 | D:4      | Found a shimmering altar of Xom.
  3141 | D:4      | Found a shimmering altar of Xom.
  3141 | D:4      | Found a shimmering altar of Xom.
  3141 | D:4      | Found a shimmering altar of Xom.
  3143 | D:4      | Found a shimmering altar of Xom.
  3145 | D:4      | Found a shimmering altar of Xom.
  3145 | D:4      | Found a shimmering altar of Xom.
  3288 | D:4      | Found a glowing drain.
  3295 | Sewer    | Entered a sewer
  3362 | Sewer    | Reached skill level 1 in Maces & Flails
  3692 | Sewer    | Reached skill level 5 in Spellcasting
  3692 | Sewer    | Reached XP level 7. HP: 28/37 MP: 9/14
  4182 | D:4      | Found a staircase to the Ecumenical Temple.
  4194 | Temple   | Entered the Ecumenical Temple
  4236 | Temple   | Became a worshipper of Vehumet
  4497 | D:4      | Learned a level 4 spell: Brom's Barrelling Boulder
  4518 | D:5      | Entered Level 5 of the Dungeon
  4523 | D:5      | Noticed a troll
  4530 | D:5      | Killed a troll
  4531 | D:5      | Reached skill level 1 in Shields
  4531 | D:5      | Reached skill level 6 in Spellcasting
  4531 | D:5      | Reached XP level 8. HP: 36/42 MP: 3/17
  4817 | D:5      | Found a glowing silver altar of Zin.
  5491 | D:6      | Reached skill level 1 in Armour
  5491 | D:6      | Reached skill level 7 in Spellcasting
  5730 | D:6      | Reached XP level 9. HP: 46/46 MP: 15/20
  5779 | D:6      | Reached skill level 8 in Spellcasting
  5969 | D:5      | Reached * piety under Vehumet
  5969 | D:5      | Offered knowledge of Sting by Vehumet.
  6020 | D:6      | Reached skill level 1 in Fighting
  6441 | D:6      | Found a sacrificial altar of Ru.
  6441 | D:6      | Found an ornate altar of the Wu Jian Council.
  6506 | D:7      | Learned a level 5 spell: Borgnjor's Vile Clutch
  6511 | D:7      | Learned a level 4 spell: Sticky Flame
  6640 | D:6      | Reached skill level 1 in Alchemy
  6849 | D:7      | Found a broken altar of Ashenzari.
  6858 | D:7      | Found a transporter.
  6865 | D:7      | Noticed Marvel's ghost (novice HOFi)
  6907 | D:7      | Found a transporter.
  7186 | D:8      | Reached skill level 1 in Evocations
  7333 | D:8      | Reached skill level 9 in Spellcasting
  7333 | D:8      | Reached skill level 1 in Fire Magic
  7336 | D:8      | Offered knowledge of Magic Dart by Vehumet.
  7337 | D:8      | Reached skill level 1 in Necromancy
  7475 | D:8      | Reached XP level 10. HP: 52/52 MP: 17/23
  7567 | D:8      | Reached skill level 5 in Conjurations
  7575 | D:8      | Reached ** piety under Vehumet
  8927 | D:9      | Found a glowing golden altar of the Shining One.
  8927 | D:9      | Noticed a centaur warrior
  8933 | D:9      | Killed a centaur warrior
  9107 | D:9      | Reached skill level 10 in Spellcasting
  9363 | D:10     | Entered Level 10 of the Dungeon
  9368 | D:10     | Reached XP level 11. HP: 56/57 MP: 12/25
  9885 | D:10     | Offered knowledge of Volatile Blastmotes by Vehumet.
 10112 | D:10     | Reached *** piety under Vehumet
 10847 | D:11     | Found a staircase to the Lair.
 10880 | D:11     | Reached skill level 5 in Shields
 10958 | D:11     | Offered knowledge of Ignite Poison by Vehumet.
 10964 | D:11     | Learned a level 4 spell: Ignite Poison
 11071 | D:11     | Noticed a two-headed ogre
 11076 | D:11     | Killed a two-headed ogre
 11131 | D:11     | Noticed a two-headed ogre
 11134 | D:11     | Killed a two-headed ogre
 11281 | D:11     | Reached skill level 1 in Staves
 11453 | D:11     | You fall into a shaft and drop 2 floors!
 11472 | D:13     | Noticed a boulder beetle
 11472 | D:13     | Noticed a two-headed ogre
 11478 | D:13     | Noticed a boulder beetle
 11485 | D:13     | Killed a two-headed ogre
 11493 | D:13     | Killed a boulder beetle
 11494 | D:13     | Reached XP level 12. HP: 40/62 MP: 26/26
 11672 | D:13     | Killed a boulder beetle
 11673 | D:13     | Reached skill level 11 in Spellcasting
 11678 | D:13     | Killed a vault guard
 11950 | D:12     | Noticed a boulder beetle
 11969 | D:12     | Killed a boulder beetle
 12353 | D:12     | Reached **** piety under Vehumet
 12984 | D:11     | Offered knowledge of Frozen Ramparts by Vehumet.
 12989 | D:11     | Learned a level 3 spell: Frozen Ramparts
 13142 | D:11     | Noticed a two-headed ogre
 13147 | D:11     | Killed a two-headed ogre
 13328 | D:11     | Found a staircase to the Orcish Mines.
 13458 | D:13     | Reached skill level 5 in Evocations
 13640 | D:13     | Noticed a two-headed ogre
 13645 | D:13     | Killed a two-headed ogre
 13738 | D:13     | Noticed a tengu warrior
 13739 | D:13     | Reached skill level 1 in Ice Magic
 13739 | D:13     | Reached skill level 10 in Earth Magic
 13745 | D:13     | Gained mutation: You are strong-willed. (Will+) [potion of
                  | mutation]
 13745 | D:13     | Gained mutation: Armour fits poorly on your strangely
                  | shaped body. [potion of mutation]
 13748 | D:13     | Noticed a tengu warrior
 13756 | D:13     | Killed a tengu warrior
 13762 | D:13     | Killed a tengu warrior
 14140 | D:13     | Reached XP level 13. HP: 66/66 MP: 17/28
 14585 | D:13     | Noticed a vault guard
 14615 | D:13     | Reached skill level 12 in Spellcasting
 14618 | D:13     | Killed a vault guard
 14747 | D:13     | Found a gate to the Vaults.
 15459 | D:14     | Reached ***** piety under Vehumet
 15462 | D:14     | Reached skill level 10 in Conjurations
 15468 | D:14     | Offered knowledge of Fulminant Prism by Vehumet.
 16471 | D:14     | Reached skill level 13 in Spellcasting
 16985 | Lair:1   | Entered Level 1 of the Lair of Beasts
 17246 | Lair:1   | Gained mutation: Your large and strong wings let you fly.
                  | [Gargoyle growth]
 17246 | Lair:1   | Reached XP level 14. HP: 50/72 MP: 5/31
 18424 | Lair:2   | Found a staircase to the Swamp.
 18526 | Lair:2   | You are sucked into a shaft and drop 1 floor!
 18795 | Lair:3   | Found a staircase to the Snake Pit.
 18812 | Lair:3   | Learned a level 5 spell: Freezing Cloud
 19688 | Lair:2   | Offered knowledge of Yara's Violent Unravelling by Vehumet.
 19801 | Lair:2   | Reached skill level 1 in Air Magic
 19996 | Lair:2   | Reached skill level 14 in Spellcasting
 21273 | Lair:4   | Learned a level 3 spell: Mephitic Cloud
 21278 | Lair:4   | Learned a level 4 spell: Olgreb's Toxic Radiance
 21302 | Lair:5   | Entered Level 5 of the Lair of Beasts
 21351 | Lair:5   | Found a staircase to the Slime Pits.
 21428 | Lair:5   | Identified a scroll of acquirement
 21428 | Lair:5   | Acquired 1183 gold pieces
 21444 | Lair:5   | Identified the +2 flail of Okawaru's Inspiration {speed,
                  | rF- Dex+5}
 21649 | Lair:5   | Reached XP level 15. HP: 76/76 MP: 27/33
 22519 | Lair:5   | Found a corrupted altar of Lugonu.
 22519 | Lair:5   | Found a one-way gate to the infinite horrors of the Abyss.
 22527 | Lair:5   | Offered knowledge of Orb of Destruction by Vehumet.
 22580 | Lair:5   | Acquired the Vademecum on Frore Terra Firma
 22589 | Lair:5   | Learned a level 6 spell: Bombard
 22813 | Orc:1    | Entered Level 1 of the Orcish Mines
 23013 | Orc:2    | Entered Level 2 of the Orcish Mines
 23063 | Orc:2    | Found a staircase to the Elven Halls.
 23109 | Orc:1    | Reached skill level 15 in Spellcasting
 23157 | Orc:1    | Noticed an orc warlord
 23165 | Orc:1    | Killed an orc warlord
 23622 | Orc:1    | Found the +0 pair of fencer's gloves {Riposte Dex+3}
 23726 | Orc:2    | Paralysed by an orc sorcerer for 4 turns
 23964 | Orc:2    | Reached ****** piety under Vehumet
 23964 | Orc:2    | Offered knowledge of Iskenderun's Battlesphere by Vehumet.
 24095 | Orc:2    | Noticed Sonja
 24100 | Orc:2    | Killed Sonja
 24414 | Orc:2    | Paralysed by an orc sorcerer for 4 turns
 24454 | Orc:2    | Found a radiant altar of Vehumet.
 24454 | Orc:2    | Noticed Erolcha
 24458 | Orc:2    | Killed Erolcha
 24465 | Orc:2    | Found Jowuaj's Antique Armour Boutique.
 24478 | Orc:2    | Noticed Nergalle
 24490 | Orc:2    | Killed Nergalle
 24563 | Orc:2    | Bought a shiny buckler for 202 gold pieces
 24605 | Orc:2    | Found Cumnoakhoom's Jewellery Shop.
 24633 | Orc:2    | Found Wath's Magic Scroll Shop.
 24645 | Orc:2    | Found Illis's Jewellery Boutique.
 24647 | Orc:2    | Bought a scroll of enchant armour for 105 gold pieces
 24678 | Orc:2    | Found an ancient bone altar of Kikubaaqudgha.
 24852 | Snake:1  | Entered Level 1 of the Snake Pit
 25469 | Snake:1  | Reached XP level 16. HP: 82/82 MP: 29/35
 25480 | Snake:1  | Found a large runed translucent door.
 25481 | Snake:1  | Found a large runed translucent door.
 25484 | Snake:1  | Noticed Siddir's ghost (journeyman MiBe)
 25781 | Snake:1  | Offered knowledge of Ozocubu's Refrigeration by Vehumet.
 25865 | Snake:1  | Killed Siddir's ghost
 25967 | Snake:2  | Noticed a nagaraja
 25975 | Snake:2  | Reached skill level 5 in Necromancy
 25979 | Snake:2  | Killed a nagaraja
 25989 | Snake:2  | Learned a level 5 spell: Irradiate
 26144 | Snake:2  | Found Kaoc Poshry's Jewellery Shop.
 26195 | Snake:2  | Bought a ring of willpower for 275 gold pieces
 26427 | Snake:3  | Noticed a nagaraja
 26434 | Snake:3  | Killed a nagaraja
 26531 | Snake:3  | Found Jeniorif's Magic Scroll Shoppe.
 27149 | Snake:3  | Noticed Saint Roka
 27153 | Snake:3  | Reached skill level 16 in Spellcasting
 27159 | Snake:3  | Killed Saint Roka
 27288 | Snake:3  | Noticed a nagaraja
 27296 | Snake:3  | Killed a nagaraja
 27548 | Snake:4  | Entered Level 4 of the Snake Pit
 27631 | Snake:4  | Noticed a nagaraja
 27722 | Snake:4  | Killed a nagaraja
 27833 | Snake:4  | Noticed a nagaraja
 27839 | Snake:4  | Killed a nagaraja
 28078 | Snake:4  | Found Daesmuq's Distillery.
 28081 | Snake:4  | Found Qieguut's Magic Scroll Shop.
 28081 | Snake:4  | Found Wigesh's Assorted Antiques.
 28086 | Snake:4  | Found Iqacsuaz's Jewellery Shop.
 28098 | Snake:4  | Bought a ring of see invisible for 180 gold pieces
 28159 | Snake:4  | Noticed Roxanne
 28177 | Snake:4  | Killed Roxanne
 28177 | Snake:4  | Offered knowledge of Fireball by Vehumet.
 28211 | Snake:4  | Identified the serpent talisman "Inyck" {rF+ Int+3 Stlth-}
 28211 | Snake:4  | Noticed Aizul
 28306 | Snake:4  | Killed Aizul
 28590 | Snake:4  | Noticed a nagaraja
 28599 | Snake:4  | Killed a nagaraja
 28613 | Snake:4  | Learned a level 5 spell: Fireball
 28657 | Snake:4  | Reached XP level 17. HP: 81/86 MP: 11/37
 29087 | Snake:4  | Reached skill level 5 in Fire Magic
 29116 | Snake:4  | Noticed Vashnia
 29130 | Snake:4  | HP: 3/86 [naga sharpshooter/arrow[Vashnia] (4)]
 29135 | Snake:4  | Killed Vashnia
 29135 | Snake:4  | HP: 2/86 [naga sharpshooter/arrow[Vashnia] (19)]
 29462 | Snake:4  | Got a serpentine rune of Zot
 29845 | Elf:1    | Entered Level 1 of the Elven Halls
 29845 | Elf:1    | Found a runed translucent gate.
 29845 | Elf:1    | Found a runed translucent gate.
 29845 | Elf:1    | Found a runed translucent gate.
 29845 | Elf:1    | Found a runed translucent gate.
 29845 | Elf:1    | Found a runed translucent gate.
 29845 | Elf:1    | Found a runed translucent gate.
 29846 | Elf:1    | Found a runed translucent door.
 29864 | Elf:1    | Found a runed translucent door.
 29869 | Elf:1    | Reached skill level 17 in Spellcasting
 29869 | Elf:1    | Reached skill level 15 in Earth Magic
 29926 | Elf:1    | Noticed an Executioner
 29939 | Elf:1    | Found a huge runed translucent gate.
 29939 | Elf:1    | Found a huge runed translucent gate.
 29940 | Elf:1    | Found a huge runed translucent gate.
 30153 | Elf:1    | Found a huge runed translucent gate.
 30153 | Elf:1    | Found a huge runed translucent gate.
 30153 | Elf:1    | Found a huge runed translucent gate.
 30153 | Elf:1    | Found a huge runed translucent gate.
 30154 | Elf:1    | Found a huge runed translucent gate.
 30154 | Elf:1    | Found a huge runed translucent gate.
 30154 | Elf:1    | Found a huge runed translucent gate.
 30194 | Elf:1    | Identified the +0 kite shield "Weggemop" {rC+ rCorr}
 30194 | Elf:1    | Noticed Asterion
 30213 | Elf:1    | Killed Asterion
 30525 | Elf:1    | Offered knowledge of Eringya's Noxious Bog by Vehumet.
 30897 | Elf:1    | Found a huge runed translucent gate.
 30897 | Elf:1    | Found a huge runed translucent gate.
 30899 | Elf:1    | Found a huge runed translucent gate.
 30900 | Elf:1    | Found a huge runed translucent gate.
 30900 | Elf:1    | Found a huge runed translucent gate.
 30900 | Elf:1    | Found a huge runed translucent gate.
 30900 | Elf:1    | Found a huge runed translucent gate.
 30900 | Elf:1    | Found a huge runed translucent gate.
 30901 | Elf:1    | Found a huge runed translucent gate.
 30901 | Elf:1    | Found a huge runed translucent gate.
 31166 | Elf:1    | Noticed a deep elf master archer
 31409 | Elf:1    | Killed a deep elf master archer
 31899 | Elf:2    | Noticed Norris
 31919 | Elf:2    | Killed Norris
 31922 | Elf:2    | Reached XP level 18. HP: 66/96 MP: 23/39
 31931 | Elf:2    | Reached skill level 5 in Fighting
 32016 | Elf:2    | Found a runed translucent gate.
 32017 | Elf:2    | Found a runed translucent gate.
 32017 | Elf:2    | Found a runed translucent gate.
 32145 | Elf:2    | Found a shimmering blue altar of Sif Muna.
 32162 | Elf:2    | Paralysed by an air elemental for 1 turns
 32222 | Elf:2    | Reached skill level 15 in Conjurations
 32222 | Elf:2    | Paralysed by an air elemental for 1 turns
 32264 | Elf:2    | Reached skill level 10 in Evocations
 32500 | Elf:2    | Noticed a deep elf blademaster
 32510 | Elf:2    | Slain by a +1 halberd of distortion

Illustrated notes

Levels and vault maps discovered:
D:1:      lemuel_arrival_behind_the_door_small, layout_basic,
          ebering_ecumenical_altar_hall, chequers_serial_rivers_large_a
D:2:      layout_basic, basic_altar, chequers_serial_rivers_micro_e,
          kennysheep_generic_room_15
D:3:      layout_basic, dk_vineyard_1
D:4:      layout_gridville, nicolae_xom_altar_mimics, temple_green,
          ebering_ghost_sewer_d, mainiacjoe_sewer_entry_somewhere_in_here_1,
          serial_library_regret_index_split_case
D:5:      layout_basic, mainiacjoe_overflow_concentric_impassable,
          minmay_fire_ice_demons
D:6:      layout_loops_ring, gammafunk_temple_overflow_statue, minivault_4,
          st_stairs_13
D:7:      layout_cave_pools, general_overflow_altar, gammafunk_ghost_stat_death
D:8:      layout_cave_pools
D:9:      minmay_inner_zag, layout_rooms, tso_altar
D:10:     layout_cave_pools
D:11:     layout_irregular_city, hellmonk_lair_entry_icy, orc_0_dummy,
          kennysheep_generic_room_8
D:12:     layout_basic
D:13:     layout_gridville, ximxim_vaults_locker_room
D:14:     layout_roguey, roderic_serpentine_path, minmay_bent
Temple:   nicolae_temple_superstar
Lair:1:   layout_cellular_growth, grunt_forest_small_clearings
Lair:2:   layout_misc_corridors, swamp_mist_pool, special_room
          [special_room_bee], kilobyte_rumbling_trees
Lair:3:   layout_cave_pods, guppyfry_snake_entry_island, lemuel_fruit_tree
Lair:4:   layout_gridlike
Lair:5:   hellmonk_lair_end_abyssal_woods, layout_misc_corridors,
          minmay_slime_entry_pillars
Snake:1:  layout_onion, ebering_ghost_disaster_area,
          nicolae_snake_gridmaze_swirls
Snake:2:  layout_rooms, serial_shops, shop
Snake:3:  layout_chambers, nicolae_take_the_stairs, uniq_saint_roka
Snake:4:  minmay_snake_end_coiled, layout_layer_cave, minmay_shoptagon,
          uniq_vashnia, uniq_aizul, uniq_roxanne
Orc:1:    orc_temple, layout_caves
Orc:2:    kennysheep_orc_mage_school, layout_caves, uniq_sonja
Elf:1:    nicolae_elf_arrival_dilemma, layout_geoelf_octagon,
          hangedman_elf_represent, uniq_asterion
Elf:2:    nicolae_elf_blades_crystal_corner, layout_geoelf_grid, basic_altar,
          drop_trap, nicolae_elf_stone_circles, nicolae_elf_w_pinch, uniq_norris

Skill      XL: |  1  2  3  4  5  6  7  8  9 10 11 12 13 14 15 16 17 18 |
---------------+-------------------------------------------------------+-----
Earth Magic    | 4 5 6 7 8 9 10 11 12 13 14 15 | 15.8
Spellcasting   | 3 4 5 6 7 9 10 11 13 14 15 16 17 | 17.9
Maces & Flails | 1 |  1.2
Conjurations   | 2 3 4 6 8 9 10 11 12 14 15 | 15.0
Shields        | 1 2 3 4 5 6 7 |  7.2
Armour         | 1 3 4 |  4.9
Fighting       | 1 2 4 5 |  5.6
Alchemy        | 1 2 3 4 |  4.3
Evocations     | 1 2 3 5 6 7 8 9 10 | 10.0
Fire Magic     | 1 2 4 5 |  5.4
Necromancy     | 1 2 3 4 5 |  5.3
Staves         | 1 2 |  2.1
Ice Magic      | 1 2 3 4 |  4.5
Dodging        | 2 3 |  3.3
Air Magic      | 2 3 |  3.0
Stealth        | 3 |  3.1

Action                     |  1- 3 |  4- 6 |  7- 9 | 10-12 | 13-15 | 16-18 || total
---------------------------+-------+-------+-------+-------+-------+-------++-------
  Melee: Whip              |    15 |       |       |       |       |       ||    15
         Mace              |       |    24 |       |       |       |       ||    24
         Staff             |       |       |     7 |    44 |    76 |     5 ||   132
   Cast: Sandblast         |    36 |   117 |    76 |     3 |     8 |     1 ||   241
         Stone Arrow       |       |     2 |    50 |   249 |   644 |   336 ||  1281
         Brom's Barrelling |       |       |       |    16 |       |       ||    16
         Borgnjor's Vile C |       |       |       |     4 |    34 |    50 ||    88
         Frozen Ramparts   |       |       |       |     2 |     2 |       ||     4
         Sticky Flame      |       |       |       |       |    22 |     1 ||    23
         Freezing Cloud    |       |       |       |       |    39 |    67 ||   106
         Olgreb's Toxic Ra |       |       |       |       |    43 |    27 ||    70
         Ignite Poison     |       |       |       |       |    26 |    22 ||    48
         Bombard           |       |       |       |       |     5 |    23 ||    28
         Irradiate         |       |       |       |       |       |     7 ||     7
         Fireball          |       |       |       |       |       |     7 ||     7
  Evoke: Wand              |       |       |       |    17 |    14 |     4 ||    35
         Condenser vane    |       |       |       |     1 |       |       ||     1
    Use: Scroll            |     1 |     7 |     1 |    15 |     7 |     9 ||    40
         Potion            |     1 |       |       |     4 |     3 |     4 ||    12
   Stab: Sleeping          |       |     1 |       |       |       |       ||     1
 Armour: Robe              |    29 |    68 |    10 |       |       |       ||   107
         Troll leather arm |       |       |    80 |   196 |   413 |   277 ||   966
         Skin              |       |       |       |       |       |    24 ||    24
  Dodge: Dodged            |    35 |    78 |    51 |    75 |   257 |    95 ||   591
  Block: Buckler           |       |       |    16 |    45 |   112 |    47 ||   220
         Kite shield       |       |       |       |       |       |    26 ||    26
